 Dungeon Crawl Stone Soup version 0.31-a0-174-g85c54bcb58 (webtiles) character file.

Game seed: 17288238224384018900

380 qw the Shooter (level 6, -4/57 HPs)
             Began as a Naga Hunter on June 15, 2023.
             Killed from afar by a gnoll (9 damage)
             ... with a bolt of dispelling energy
             ... on level 4 of the Dungeon.
             The game lasted 00:01:10 (3087 turns).

qw the Shooter (Naga Hunter)                        Turns: 3087, Time: 00:01:10

Health: -4/57      AC:  7    Str: 14    XL:     6   Next: 75%
Magic:  0/6        EV:  9    Int:  9    God:
Gold:   124        SH:  0    Dex: 16    Spells: 5/5 levels left

rFire   . . .        Y - +0 shortbow
rCold   . . .        (shield currently unavailable)
rNeg    . . .        c - +0 leather armour
rPois   +            (no helmet)
rElec   .            (no cloak)
rCorr   .            (no gloves)
SInv    +            (no barding)
Will    .....        k - amulet of guardian spirit
Stlth   ++           f - +4 ring of protection
HPRegen 0.29/turn    (no ring)
MPRegen 0.10/turn

%: guardian spirit
@: short of breath, very slow
A: AC +2, large, see invisible, deformed body, poison resistance, slowness 2,
spit poison 1, naga tail 1
a: Spit Poison


You were on level 4 of the Dungeon.
You visited 1 branch of the dungeon, and saw 4 of its levels.

You collected 124 gold pieces.


Innate Abilities, Weirdness & Mutations

Your serpentine skin is tough. (AC +2)
You have supernaturally acute eyesight. (SInv)
Armour fits poorly on your strangely shaped body.
Your system is resistant to poisons. (rPois)
You cover ground very slowly.
You can spit poison.
You have a snake-like lower body.


   Skills:
 - Level 4.1 Fighting
 + Level 6.2 Ranged Weapons
 - Level 1.5 Dodging
 - Level 1.5 Stealth


You had 5 spell levels left.
You didn't know any spells.
Your spell library was empty.

Inventory:

Hand Weapons
 Y - a +0 shortbow (weapon)
Armour
 c - a +0 leather armour (worn)
Jewellery
 f - a +4 ring of protection (left hand)
 k - an amulet of guardian spirit (around neck)
Scrolls
 b - a scroll of identify {unknown}
Potions
 a - a potion of resistance {unknown}
 e - a potion of ambrosia {unknown}
 g - a potion of magic {unknown}
 h - a potion of curing {unknown}
 i - a potion of might

Dungeon Overview and Level Annotations

Branches:
Dungeon (4/15)
 Temple: D:4-7

Altars:

Shops:
D:1 :


Message History

You shoot an arrow. The arrow hits the gnoll.
The gnoll is moderately wounded.
The gnoll hits you with a +0 whip. The gnoll barely misses you.
You shoot an arrow. The arrow barely misses the gnoll.
The gnoll hits you but does no damage.
The gnoll zaps a wand.
The bolt of dispelling energy misses you.
The gnoll hits you with a +0 whip.
You shoot an arrow. The arrow barely misses the gnoll.
You have got your breath back.
The gnoll zaps a wand.
The bolt of dispelling energy hits you!!
The gnoll hits you with a +0 whip!
3082 ||| INVOKING Spit Poison.
Aiming: Spit Poison (1% risk of failure)
Press: ? - help, Shift-Dir - straight line, f/p - gnoll The splash of poison hits the gnoll!
The gnoll is poisoned.
The gnoll is almost dead.
The gnoll hits you with a +0 whip!
The gnoll drinks a potion.
The gnoll seems to speed up.
The gnoll barely misses you.
You shoot an arrow.
The arrow hits the gnoll but does no damage.
The gnoll is almost dead.
You kill the gnoll!
You shoot an arrow. The arrow hits the phantom.
The phantom is moderately damaged.
You shoot an arrow.
The arrow hits the phantom but does no damage.
The phantom is moderately damaged.
The phantom hits you.
The phantom blinks!
You blink.
A hobgoblin comes into view.
The gnoll zaps a wand.
The bolt of dispelling energy hits you!
The hobgoblin shouts!
Enter note:
Enter note: You shoot an arrow.
The arrow hits the phantom!
The phantom is heavily damaged.
The phantom hits you.
You shoot an arrow. The arrow closely misses the phantom.
The gnoll zaps a wand.
The bolt of dispelling energy hits you!
You die...

#.........# #.#
#.##.....>#####.###.
#..##...............
.
#.###......#####.#..
.. #.
#......####.... ...
#. ####..###.....#
.... #.
##.###[....#.....
#.#.............
#.#.#...@#
#..%)g)..W..g...
###)#....#......
#.#....##.....
..#....# .....
.......# #...
.#..##..# ... .....
##.. .. .#


You could see a phantom, a gnoll (fast) and a hobgoblin.

Vanquished Creatures
  An ice beast (D:4)
  A bullfrog (D:4)
  A sleepcap (D:3)
  3 gnolls (D:4)
  6 adders
  2 ufetubi
  2 worms
  A dart slug (D:4)
  6 ball pythons
  5 endoplasms
  5 giant cockroaches
  6 goblins
  8 hobgoblins
  10 jackals
  6 quokkas
  2 bats
  10 frilled lizards
  10 kobolds
  7 rats
92 creatures vanquished.

Vanquished Creatures (others)
  A jackal (D:4)
1 creature vanquished.

Grand Total: 93 creatures vanquished

Notes
Turn   | Place    | Note
-------+----------+-------------------------------------------
     0 | D:1      | qw the Naga Hunter began the quest for the Orb.
     0 | D:1      | Reached XP level 1. HP: 19/19 MP: 1/1
     0 | D:1      | 0 ||| qw: Version: 0.2-a-29-g511e9b1
     0 | D:1      | 0 ||| qw: Game counter: 5342
     0 | D:1      | 0 ||| qw: Always use a shield: true
     0 | D:1      | 0 ||| qw: God list: Okawaru
     0 | D:1      | 0 ||| qw: Allow faded altars: false
     0 | D:1      | 0 ||| qw: Do Orc after D:15 true
     0 | D:1      | 0 ||| qw: Do second Lair branch before Depths: true
     0 | D:1      | 0 ||| qw: Lair rune preference: random
     0 | D:1      | 0 ||| qw: Plans: Normal
     0 | D:1      | 0 ||| PLANNING D:1-11
    21 | D:1      | 21 ||| INVOKING Spit Poison.
    52 | D:1      | 52 ||| INVOKING Spit Poison.
    81 | D:1      | 81 ||| INVOKING Spit Poison.
    85 | D:1      | 85 ||| INVOKING Spit Poison.
   177 | D:1      | 177 ||| INVOKING Spit Poison.
   178 | D:1      | Reached skill level 4 in Ranged Weapons
   178 | D:1      | Reached XP level 2. HP: 26/26 MP: 2/2
   195 | D:1      | 195 ||| INVOKING Spit Poison.
   199 | D:1      | 199 ||| INVOKING Spit Poison.
   264 | D:1      | 264 ||| INVOKING Spit Poison.
   345 | D:1      | 345 ||| INVOKING Spit Poison.
   351 | D:1      | 351 ||| INVOKING Spit Poison.
   369 | D:1      | 369 ||| INVOKING Spit Poison.
   480 | D:1      | Found Vuhadwuk's Book Shop.
   483 | D:1      | 483 ||| INVOKING Spit Poison.
   488 | D:1      | 488 ||| INVOKING Spit Poison.
   494 | D:1      | 494 ||| INVOKING Spit Poison.
   498 | D:1      | Reached XP level 3. HP: 28/32 MP: 3/3
   499 | D:1      | 499 ||| INVOKING Spit Poison.
   502 | D:1      | 502 ||| INVOKING Spit Poison.
   505 | D:1      | 505 ||| INVOKING Spit Poison.
   776 | D:1      | 776 ||| INVOKING Spit Poison.
   780 | D:1      | 780 ||| INVOKING Spit Poison.
   966 | D:1      | 966 ||| UPGRADING to amulet of guardian spirit.
   971 | D:1      | 971 ||| UPGRADING to +4 ring of protection.
   972 | D:1      | 972 ||| READING scroll labelled GOMARU QIKKE.
   976 | D:1      | 976 ||| READING scroll labelled MUTESAWKOJ.
   977 | D:1      | 977 ||| READING scroll labelled WUCUOR PIAPSE.
   978 | D:1      | 978 ||| DRINKING 2 puce potions.
   979 | D:1      | 979 ||| DROPPING scroll of butterflies.
   980 | D:1      | 980 ||| DROPPING potion of enlightenment.
  1108 | D:2      | 1108 ||| INVOKING Spit Poison.
  1113 | D:2      | 1113 ||| INVOKING Spit Poison.
  1143 | D:2      | 1143 ||| INVOKING Spit Poison.
  1149 | D:2      | 1149 ||| INVOKING Spit Poison.
  1157 | D:2      | 1157 ||| INVOKING Spit Poison.
  1160 | D:2      | Reached skill level 5 in Ranged Weapons
  1190 | D:2      | 1190 ||| INVOKING Spit Poison.
  1193 | D:2      | Reached XP level 4. HP: 39/39 MP: 4/4
  1216 | D:2      | 1216 ||| INVOKING Spit Poison.
  1281 | D:2      | 1281 ||| INVOKING Spit Poison.
  1299 | D:2      | 1299 ||| INVOKING Spit Poison.
  1304 | D:2      | 1304 ||| INVOKING Spit Poison.
  1448 | D:2      | 1448 ||| INVOKING Spit Poison.
  1460 | D:2      | 1460 ||| INVOKING Spit Poison.
  1463 | D:2      | 1463 ||| INVOKING Spit Poison.
  1468 | D:2      | 1468 ||| INVOKING Spit Poison.
  1473 | D:2      | 1473 ||| INVOKING Spit Poison.
  1478 | D:2      | 1478 ||| INVOKING Spit Poison.
  1485 | D:2      | 1485 ||| INVOKING Spit Poison.
  1508 | D:2      | 1508 ||| INVOKING Spit Poison.
  1511 | D:2      | 1511 ||| INVOKING Spit Poison.
  1513 | D:2      | Reached skill level 3 in Fighting
  1579 | D:2      | 1579 ||| INVOKING Spit Poison.
  1967 | D:2      | 1967 ||| READING scroll labelled MOABUT ZUWAIS.
  1968 | D:2      | 1968 ||| READING scroll labelled USUOJU ZUVOYRIE.
  1969 | D:2      | 1969 ||| DRINKING 3 inky potions.
  1970 | D:2      | 1970 ||| DRINKING 2 fuming orange potions.
  1992 | D:3      | 1992 ||| INVOKING Spit Poison.
  1996 | D:3      | 1996 ||| INVOKING Spit Poison.
  2038 | D:3      | 2038 ||| INVOKING Spit Poison.
  2042 | D:3      | 2042 ||| INVOKING Spit Poison.
  2049 | D:3      | 2049 ||| INVOKING Spit Poison.
  2104 | D:3      | 2104 ||| INVOKING Spit Poison.
  2136 | D:3      | 2136 ||| INVOKING Spit Poison.
  2138 | D:3      | Reached XP level 5. HP: 49/49 MP: 5/5
  2358 | D:3      | Found a faded altar of an unknown god.
  2440 | D:3      | 2440 ||| INVOKING Spit Poison.
  2460 | D:3      | HP: 12/49 [sleepcap (4)]
  2461 | D:3      | 2461 ||| READING scroll of teleportation.
  2462 | D:3      | 2462 ||| DRINKING 2 potions of heal wounds.
  2578 | D:3      | 2578 ||| DROPPING ring of magical power.
  2579 | D:3      | 2579 ||| READING scroll labelled OXAHIASM JAAGH.
  2621 | D:4      | 2621 ||| INVOKING Spit Poison.
  2624 | D:4      | 2624 ||| INVOKING Spit Poison.
  2650 | D:4      | 2650 ||| INVOKING Spit Poison.
  2659 | D:4      | 2659 ||| INVOKING Spit Poison.
  2713 | D:4      | 2713 ||| INVOKING Spit Poison.
  2727 | D:4      | 2727 ||| INVOKING Spit Poison.
  2730 | D:4      | Reached skill level 6 in Ranged Weapons
  2730 | D:4      | Reached XP level 6. HP: 56/56 MP: 6/6
  2745 | D:4      | 2745 ||| INVOKING Spit Poison.
  2749 | D:4      | 2749 ||| INVOKING Spit Poison.
  2766 | D:4      | 2766 ||| INVOKING Spit Poison.
  2772 | D:4      | Noticed an ice beast
  2796 | D:4      | HP: 13/56 [ice beast (7)]
  2797 | D:4      | 2797 ||| DRINKING potion of heal wounds.
  2807 | D:4      | Killed an ice beast
  2980 | D:4      | 2980 ||| INVOKING Spit Poison.
  2988 | D:4      | 2988 ||| INVOKING Spit Poison.
  3005 | D:4      | 3005 ||| INVOKING Spit Poison.
  3011 | D:4      | 3011 ||| INVOKING Spit Poison.
  3062 | D:4      | 3062 ||| INVOKING Spit Poison.
  3067 | D:4      | 3067 ||| INVOKING Spit Poison.
  3071 | D:4      | 3071 ||| INVOKING Spit Poison.
  3078 | D:4      | 3078 ||| INVOKING Spit Poison.
  3082 | D:4      | 3082 ||| INVOKING Spit Poison.
  3085 | D:4      | HP: 9/57 [gnoll/bolt of dispelling energy (7)]
  3086 | D:4      | HP: 4/57 [phantom (5)]
  3087 | D:4      | Killed from afar by a gnoll

Levels and vault maps discovered:
D:1:      spicycebolla_green_bress_n_ham, layout_basic, serial_shops,
          nicolae_shop_stone, minmay_lizard_pond
D:2:      layout_loops_ring, serial_forest, infiniplex_forest_end_2,
          infiniplex_forest_lined_room_3, infiniplex_forest_straight_4,
          infiniplex_forest_straight_4, infiniplex_forest_end_double,
          minmay_octomino_j4
D:3:      layout_rooms, shapermc_ecumenical_altar_rom_forum,
          kennysheep_generic_room_11
D:4:      minmay_thick_lines, layout_rooms, kennysheep_mini_moat,
          minmay_lizard_king, uniq_natasha, uniq_duvessa,
          uniq_crazy_yiuf_cottage

Skill      XL: |  1  2  3  4  5  6 |
---------------+-------------------+-----
Ranged Weapons | 4 5 6 |  6.2
Fighting       | 3 4 |  4.1
Dodging        | |  1.5
Stealth        | |  1.5

Action                     |  1- 3 |  4- 6 || total
---------------------------+-------+-------++-------
   Fire: Shortbow          |    59 |   165 ||   224
Ability: Spit Poison       |    25 |    40 ||    65
    Use: Scroll            |     3 |     4 ||     7
         Potion            |     1 |     4 ||     5
 Armour: Leather armour    |     6 |    51 ||    57
  Dodge: Dodged            |    15 |    49 ||    64

Table legend:
 A = Non-vault XP
 B = Vault XP
 C = Vault XP percentage of total XP
 D = Non-vault monster count
 E = Vault monster count
 F = Vault count percentage of total count
                 A         B        C        D         E       F
            +---------+---------+-------+---------+---------+-------
      Total |     398 |     145 |  26.7 |      73 |      20 |  21.5
            +---------+---------+-------+---------+---------+-------
        D:1 |      36 |       7 |  16.3 |      21 |       7 |  25.0
        D:2 |      84 |      21 |  20.0 |      22 |       5 |  18.5
        D:3 |      57 |       2 |   3.4 |      14 |       1 |   6.7
        D:4 |     221 |     115 |  34.2 |      16 |       7 |  30.4
            +---------+---------+-------+---------+---------+-------
